 Dungeon Crawl Stone Soup version 0.24-a0-312-g16217b4 (webtiles) character file.

Game seed: 6096789517156998602

163635 mhoghedin the Fighter (level 16, 0/141 HPs)
             Began as a Demigod Wizard on May 15, 2019.
             Slain by a slime creature (9 damage)
             ... on level 4 of the Swamp.
             The game lasted 02:53:09 (50034 turns).

mhoghedin the Fighter (Demigod Wizard)             Turns: 50034, Time: 02:53:09

Health: 0/141      AC: 19    Str: 10    XL:     16   Next: 69%
Magic:  26/40      EV: 20    Int: 30    God:
Gold:   300        SH:  8    Dex: 17    Spells: 1/29 levels left

rFire    + . .     SeeInvis .   b - +1 short sword of the Hummingbird {holy, +Inv rF+ Dex+3}
rCold    + . .     Gourm    .   W - +3 buckler
rNeg     . . .     Faith    .   V - +3 troll leather armour {regen}
rPois    .         Spirit   .   N - +0 helmet
rElec    +         Reflect  .   Q - scarf {cloud immunity}
rCorr    .         Harm     .   z - +1 pair of gloves "Uplulliu" {rElec rC+ Int-2}
MR       +....                  U - +2 pair of boots {Stlth+}
Stlth    ++++......             j - amulet of regeneration {+regen, !d}
HPRegen  1.13/turn              g - ring of magical power {MP+9}
MPRegen  0.27/turn              Y - +5 ring of protection

@: flying, very slightly contaminated, studying Long Blades
A: high mp 1
a: Evoke Invisibility


You were on level 4 of the Swamp.
You were not hungry.

You visited 5 branches of the dungeon, and saw 29 of its levels.
You also visited: Bailey and Ice Cave.

You collected 3148 gold pieces.
You spent 2848 gold pieces at shops.

Inventory:

Hand Weapons
 a - a +8 dagger of electrocution
   (You took it off Ijyb on level 3 of the Dungeon)
 b - the +1 short sword of the Hummingbird (weapon) {holy, +Inv rF+ Dex+3}
   (You found it on level 1 of the Snake Pit)

   It has been blessed by the Shining One to cause great damage to the undead
   and demons.
   It affects your dexterity (+3).
   It protects you from fire.
   It lets you turn invisible.
 R - the +3 short sword of the Lesser Evil {antimagic, +Inv}
   (You found it in an ice cave)

   It reduces the magical energy of the wielder, and disrupts the spells and
   magical abilities of those hit.
   Natural abilities and divine invocations are not affected.
   It lets you turn invisible.
Missiles
 T - 9 curare-tipped darts (quivered)
Armour
 z - the +1 pair of gloves "Uplulliu" (worn) {rElec rC+ Int-2}
   (You found it on level 4 of the Dungeon)

   It affects your intelligence (-2).
   It protects you from cold.
   It insulates you from electricity.
 I - a +1 robe of magic resistance
   (You found it in a bailey)
 N - a +0 helmet (worn)
   (You found it on level 8 of the Dungeon)
 Q - a scarf of cloud immunity (worn)
   (You found it on level 3 of the Lair of Beasts)
 U - a +2 pair of boots of stealth (worn)
   (You found it on level 11 of the Dungeon)
 V - a +3 troll leather armour (worn) {regen}
   (You found it on level 1 of the Orcish Mines)
 W - a +3 buckler (worn)
   (You took it off a spriggan on level 1 of the Swamp)
Jewellery
 g - a ring of magical power (left hand) {MP+9}
   (You found it on level 1 of the Dungeon)
 j - an amulet of regeneration (around neck) {+regen, !d}
   (You found it on level 6 of the Lair of Beasts)
 k - an uncursed ring of see invisible {sInv, !d}
   (You found it on level 6 of the Lair of Beasts)
 t - an uncursed ring of protection from fire {rF+, !d}
   (You found it on level 1 of the Swamp)
 y - a +5 ring of slaying
   (You found it on level 4 of the Dungeon)
 L - an uncursed ring of flight {+Fly, !d}
   (You found it on level 10 of the Dungeon)
 M - an uncursed ring of poison resistance {rPois, !d}
   (You found it on level 11 of the Dungeon)
 Y - a +5 ring of protection (right hand)
   (You found it on level 14 of the Dungeon)
Wands
 n - a wand of clouds (6)
   (You took it off Ijyb on level 3 of the Dungeon)
 A - a wand of polymorph (16)
   (You took it off Dowan on level 5 of the Dungeon)
 D - a wand of disintegration (25)
   (You found it on level 7 of the Dungeon)
 G - a wand of digging (2)
   (You found it on level 12 of the Dungeon)
Scrolls
 e - a scroll of amnesia
 f - 10 scrolls of remove curse
 o - a scroll of fear
 p - 5 scrolls of teleportation
 C - 6 scrolls of fog
 E - a scroll of enchant weapon
 F - a scroll of silence
 J - a scroll of magic mapping {!r}
 S - 2 scrolls of identify
Potions
 c - 4 potions of flight
 h - 2 potions of haste
 i - 6 potions of brilliance
 l - 9 potions of curing
 q - 3 potions of mutation {!q}
 s - 4 potions of agility
 u - 8 potions of might
 w - 5 potions of lignification {!q}
 B - a potion of magic
 H - 2 potions of resistance
 K - a potion of ambrosia
Books
 r - a manual of Long Blades {!d}
   (You found it in an ice cave)
Miscellaneous
 v - a fan of gales
   (You found it on level 1 of the Lair of Beasts)
 x - a phial of floods
   (You acquired it on level 9 of the Dungeon)
 O - a crystal ball of energy
   (You bought it in a shop on level 2 of the Orcish Mines)
 X - a phantom mirror
Comestibles
 d - 32 rations


   Skills:
 - Level 12.8 Fighting
 - Level 10.0 Short Blades
 - Level 3.8 Armour
 - Level 12.0 Dodging
 - Level 8.0 Stealth
 - Level 4.0 Shields
 - Level 7.0 Spellcasting
 + Level 7.5 Conjurations
 - Level 2.4 Charms
 - Level 7.0 Summonings
 - Level 2.3 Necromancy
 - Level 0.8 Translocations
 + Level 12.7 Ice Magic
 + Level 8.8 Air Magic
 - Level 1.7 Poison Magic
 - Level 6.9 Evocations


You had one spell level left.
You knew the following spells:

 Your Spells              Type           Power        Failure   Level  Hunger
a - Summon Lightning Spi  Summ/Air       ######..     2%          4    ##.....
b - Blink                 Tloc           N/A          7%          2    None
c - Freezing Cloud        Conj/Ice/Air   ######....   19%         6    ######.
d - Ozocubu's Refrigerat  Ice            ######....   4%          6    ######.
e - Summon Ice Beast      Ice/Summ       ######..     1%          4    ##.....
r - Regeneration          Chrm/Necr      ###.......   7%          3    None
x - Mephitic Cloud        Conj/Pois/Air  #####...     1%          3    None

Your spell library contained the following spells:

 Spells                   Type           Power        Failure   Level  Hunger
 Magic Dart               Conj           ####         1%          1    None
 Shock                    Conj/Air       ####         1%          1    None
 Summon Butterflies       Summ           ######..     1%          1    None
 Summon Small Mammal      Summ           ####         1%          1    None
 Infusion                 Chrm           ####         2%          1    None
 Apportation              Tloc           ###...       4%          1    None
 Confusing Touch          Hex            ##....       6%          1    None
 Call Imp                 Summ           ######..     1%          2    None
 Swiftness                Chrm/Air       #####...     1%          2    None
 Call Canine Familiar     Summ           ######..     1%          3    None
 Static Discharge         Conj/Air       ######..     1%          3    None
 Airstrike                Air            ######....   1%          4    ##.....
 Corpse Rot               Necr           N/A          3%          2    None
 Song of Slaying          Chrm           ####....     3%          2    None
 Shroud of Golubria       Chrm/Tloc      ###.......   4%          2    None
 Conjure Flame            Conj/Fire      ####....     4%          3    None
 Stone Arrow              Conj/Erth      ####..       4%          3    None
 Summon Guardian Golem    Hex/Summ       ####....     4%          3    None
 Ice Form                 Ice/Tmut       #####...     4%          4    ##.....
 Lightning Bolt           Conj/Air       ######....   6%          5    ####...
 Slow                     Hex            ##......     10%         2    None
 Spectral Weapon          Hex/Chrm       ###.....     12%         3    None
 Gell's Gravitas          Tloc           ###.......   13%         3    None
 Lesser Beckoning         Tloc           ###.......   13%         3    None
 Metabolic Englaciation   Hex/Ice        #####.....   13%         5    ####...
 Bolt of Cold             Conj/Ice       ######....   16%         6    ######.
 Confuse                  Hex            ##......     19%         3    None
 Tukima's Dance           Hex            ##......     19%         3    None
 Summon Forest            Summ/Tloc      ####......   34%         5    ####...
 Simulacrum               Ice/Necr       ######....   38%         6    ######.
 Leda's Liquefaction      Hex/Erth       ##........   52%         4    ##.....
 Petrify                  Tmut/Erth      ##......     52%         4    ##.....
 Alistair's Intoxication  Tmut/Pois      ###.....     77%         5    ####...
 Yara's Violent Unravell  Hex/Tmut       ##........   86%         5    ####...
 Summon Hydra             Summ           ######....   96%         7    #######
 Hydra Form               Tmut           ##........   100%        6    ######.
 Invisibility             Hex            ##......     100%        6    ######.


Dungeon Overview and Level Annotations

Branches:
Dungeon (15/15)            Temple (0/1) D:6            Lair (6/6) D:8
  Swamp (4/4) Lair:2        Snake (2/4) Lair:2        Slime (0/5) Lair:6
    Orc (2/2) D:10            Elf (0/3) Orc:2        Vaults (0/5) D:14
 Depths (0/5) D:15

Shops:
D:3 *   D:13 (:[*[   Orc:2 }(!*

Portals:
Pandemonium: Orc:2
Trove: D:15 (give 7 potions of agility)

Annotations:
D:4 1 runed translucent door
D:7 exclusion: statue
Lair:6 exclusion: jelly


Innate Abilities, Weirdness & Mutations

You have an increased reservoir of magic. (+10% MP)


Message History

g - Guard the area. f - Follow me.
Anything else - Cancel.
Gang up on whom?
Aim: a spriggan druid, wielding a +0 quarterstaff and wearing a +0 robe Attack!
You block the vampire mosquito's attack.
The vampire mosquito barely misses you.
Your ice beast hits the vampire mosquito.
Your ice beast freezes the vampire mosquito!
You miss the vampire mosquito. The vampire mosquito bites you.
The vampire mosquito draws strength from your injuries!
You barely miss the vampire mosquito.
The vampire mosquito closely misses you.
The spriggan druid casts a spell.
The forest starts to sway and rumble!
Your ice beast hits the vampire mosquito.
Your ice beast freezes the vampire mosquito!
Unknown command.
You barely miss the vampire mosquito.
The trees move their gnarly branches around.
Your ice beast is hit by a branch!
You are waved at by a branch.
Your ice beast is hit by a branch!
The vampire mosquito closely misses you.
The vampire mosquito completely misses you.
The vampire mosquito bites you but does no damage.
You closely miss the vampire mosquito. The vampire mosquito misses you.
The spriggan druid hits your ice beast with a +0 quarterstaff!
Your ice beast hits the vampire mosquito.
Your ice beast freezes the vampire mosquito!!
Your ice beast completely misses the vampire mosquito.
The vampire mosquito misses you. The vampire mosquito bites you.
The vampire mosquito draws strength from your injuries!
You take 2 damage, and have 72/141 hp.
You hit the vampire mosquito.
The vampire mosquito convulses.
Your ice beast is hit by a branch!
You are waved at by a branch.
A root smacks your ice beast from below!
The vampire mosquito bites your ice beast.
Your ice beast dies!
The vampire mosquito closely misses you.
You block the vampire mosquito's attack.
Your ice beast hits the vampire mosquito.
Your ice beast freezes the vampire mosquito!
The vampire mosquito is destroyed!
The spriggan druid calls out to the beasts of the wild!
A chill wind blows around you.
A root smacks your ice beast from below!
You are hit by a branch!
A tree reaches out and hits your ice beast!
Your ice beast dies!
The vampire mosquito completely misses you.
The vampire mosquito misses you. The vampire mosquito bites you.
The vampire mosquito draws strength from your injuries!
You take 11 damage, and have 62/141 hp.
You now have 26/40 mp.
You hit the vampire mosquito.
You destroy the vampire mosquito!
You feel roots moving beneath the ground.
A root smacks your ice beast from below!
A root smacks you from below! The vampire mosquito barely misses you.
You take 8 damage, and have 54/141 hp.
You feel very buoyant.
You fly up into the air.
A root smacks your ice beast from below!!
Your ice beast dies!
A root lunges up near you.
You block the vampire mosquito's attack.
A slime creature comes into view. x2
The vampire mosquito closely misses you.
You regained 2 hp, and now have 56/141 hp.
The slime creature quivers. x2
You hit the slime creature.
A swamp dragon comes into view.
You block the vampire mosquito's attack.
You puncture the slime creature!
You are hit by a branch!
You block the slime creature's attack.
You block the vampire mosquito's attack.
The spriggan druid casts a spell at you.
The stone arrow hits you!
* * * LOW HITPOINT WARNING * * *
You take 27 damage, and have 29/141 hp.
Unknown command.
Unknown command.
Unknown command.
You blink.
A root smacks you from below!
* * * LOW HITPOINT WARNING * * *
You take 10 damage, and have 19/141 hp.
You now have 25/40 mp.
A root smacks you from below!
* * * LOW HITPOINT WARNING * * *
A five-headed hydra comes into view.
You block the vampire mosquito's attack.
You take 10 damage, and have 9/141 hp.
Unknown command.
Unknown command.
You feel better. A root smacks you from below!
* * * LOW HITPOINT WARNING * * *
You block the vampire mosquito's attack.
The spriggan druid closely misses you. The slime creature barely misses you.
The slime creature hits you!
You die...

*,≈≈≈≈≈≈≈,,,**,,,,,,*
***,≈≈≈,,,,**≈,,,,,,*
***,,,≈≈,≈*,≈,*****
**,≈≈≈≈,,≈≈≈** *
♣♣♣♣*,≈≈≈≈,≈≈≈≈≈* *
♣≈§♣♣***,,,,≈≈,≈* *
♣.§.♣ *≈≈*,,,,** *
♣.Jy♣♣ ****,≈≈≈,* *
♣.i@J♣*****,≈≈≈,* *
♣♣.DJ≈≈≈≈♣**,≈≈≈* *
♣.≈≈≈≈≈≈≈≈≈≈,≈,,****
♣♣≈≈♣≈.≈≈..,,,,,,,,≈
♣≈..♣≈....≈≈≈≈≈,,,≈
♣♣§.♣♣..≈≈≈≈≈≈≈≈≈,,
*.≈.♣,.≈≈≈≈≈≈≈≈≈≈≈,
*.≈D.,≈≈≈≈≈≈≈≈≈≈≈≈≈
**≈,,,≈≈≈≈≈≈_≈≈≈≈≈≈


You could see a five-headed hydra (wandering), a swamp dragon, 3 slime
creatures, a spriggan druid and a vampire mosquito.

Vanquished Creatures
  Jorgrun (D:13)
  Frances (D:13)
  A thorn hunter (Swamp:3)
  An azure jelly (Lair:6)
  An orc warlord (Orc:1)
  The ghost of TheOvate the Fighter, a journeyman DDWr of Makhleb (Lair:5)
  Nessos (D:13)
  A dire elephant (Lair:6)
  Snorg (Lair:5)
  4 death oozes (Lair:6)
  Josephine (D:11)
  A yaktaur captain (D:15)
  10 hydras
  7 two-headed ogres
  A ghost crab (Swamp:3)
  2 anacondas (Snake:2)
  11 alligators
  6 centaur warriors
  A shambling mangrove (Swamp:1)
  An ogre mage (D:15)
  2 death yaks (Lair:6)
  A naga sharpshooter (Snake:1)
  4 orc high priests (Orc:2)
  A deep elf knight (D:11)
  Nergalle (Lair:1)
  A spriggan (Swamp:1)
  3 shock serpents
  A skeletal warrior (D:15)
  2 gelid demonspawn (Orc:2)
  2 naga ritualists
  4 swamp dragons
  6 orc knights
  A salamander (shapeshifter) (D:13)
  A wolf spider zombie (D:15)
  A mana viper (Snake:1)
  7 cyclopes
  2 moths of wrath (Lair:6)
  3 deep elf magi
  15 ugly things
  3 orc sorcerers
  A manticore (D:12)
  12 elephants
  13 black mambas
  A guardian serpent (Snake:2)
  2 torpor snails
  14 spiny frogs
  3 ice statues (IceCv)
  5 naga magi
  The ghost of Stiffzip the Prestidigitator, a novice SpAr (D:10)
  6 rime drakes
  A spiny frog (shapeshifter) (D:15)
  6 centaur skeletons
  4 kobold demonologists (D:12)
  A gargoyle (D:13)
  5 komodo dragons
  A yaktaur (D:15)
  A redback zombie (D:14)
  An efreet (D:15)
  2 ice devils (D:13)
  4 trolls
  A meliai (shapeshifter) (D:14)
  A queen bee (Lair:3)
  Grinder (D:3)
  5 hornets
  6 polar bears (Lair:6)
  23 slime creatures
  13 tyrant leeches
  9 hippogriffs
  A meliai zombie (D:12)
  12 blink frogs
  2 raiju (Lair:6)
  3 bog bodies
  2 dream sheep (Lair:6)
  3 wyverns
  2 wraiths
  Sigmund (D:5)
  A vampire (D:14)
  2 shadows
  22 yaks
  A hog (Swamp:3)
  3 hungry ghosts
  Eustachio (D:5)
  4 basilisks
  A death yak simulacrum (Lair:6)
  12 vampire mosquitoes
  Menkaure (D:5)
  A catoblepas simulacrum (Lair:6)
  14 nagas
  4 wargs
  8 swamp worms
  8 water moccasins
  8 insubstantial wisps
  An acid dragon (D:14)
  7 hell hounds (Lair:6)
  Duvessa (D:5)
  6 porcupines
  A hornet zombie (D:11)
  3 swamp drakes
  5 sky beasts
  31 orc warriors
  A necrophage (D:7)
  9 black bears
  10 ogres
  A black mamba simulacrum (Lair:6)
  10 ice beasts
  3 eyes of draining
  3 phantoms
  The ghost of TheOvate the Shooter, an amateur CeHu (D:4)
  18 centaurs
  16 wolves
  17 crocodiles
  6 big kobolds
  24 bullfrogs
  Dowan (D:5)
  A scorpion (D:8)
  9 killer bees (Lair:3)
  7 wights
  A vampire bat (Lair:6)
  5 electric eels
  3 crimson imps
  A torpor snail simulacrum (Lair:6)
  A komodo dragon simulacrum (Lair:6)
  A centaur zombie (D:8)
  9 hounds
  12 jellies
  18 orc priests
  12 orc wizards
  2 bullfrog skeletons
  Crazy Yiuf (D:7)
  Jessica (D:3)
  A hell rat (Lair:4)
  Ijyb (D:3)
  7 iguanas
  8 worker ants
  A killer bee zombie (D:7)
  2 howler monkey zombies (D:7)
  2 worker ant zombies
  Robin (D:4)
  6 gnolls
  2 howler monkey skeletons
  12 adders
  2 river rats (Lair:4)
  2 shadow imps
  4 oozes (Lair:6)
  An adder skeleton (D:4)
  An adder zombie (D:7)
  A worm (D:4)
  2 dart slugs (D:1)
  6 leopard geckos
  70 orcs
  4 giant cockroaches
  17 goblins
  10 hobgoblins
  5 jackals
  5 quokkas
  2 ball pythons
  15 bats
  5 frilled lizards
  34 kobolds
  A leopard gecko skeleton (D:6)
  8 rats
  A fungus (Lair:6)
  20 plants (Lair:5)
893 creatures vanquished.

Vanquished Creatures (collateral kills)
  Agnes (D:14)
  Kirke (Swamp:3)
  An azure jelly (Lair:6)
  The ghost of Gorice the Protected, a journeyman GnWn of the Shining One (Orc:2)
  14 hydras
  3 naga warriors
  A shambling mangrove (Swamp:3)
  2 two-headed ogres
  2 death yaks (Lair:6)
  10 alligators
  A shock serpent (Snake:1)
  2 orc high priests (Orc:2)
  5 swamp dragons
  A spriggan druid (Swamp:4)
  2 deep elf archers (D:11)
  2 orc knights
  3 orc sorcerers (Orc:2)
  10 ugly things
  A manticore (D:15)
  5 elephants
  A rust devil (Orc:2)
  3 black mambas
  3 rime drakes
  3 spiny frogs
  2 komodo dragons (Lair:2)
  2 kobold demonologists (Bailey)
  A red devil (Orc:2)
  2 trolls
  6 tyrant leeches
  3 polar bears (Lair:6)
  7 hornets
  5 blink frogs
  3 bog bodies
  20 slime creatures
  A raiju (Lair:6)
  8 dream sheep (Lair:6)
  3 hippogriffs
  5 spriggans
  5 yaks
  2 wraiths (D:11)
  A hungry ghost (D:13)
  3 chaos spawn (Orc:2)
  7 vampire mosquitoes
  3 nagas
  A warg (Lair:6)
  5 water moccasins
  7 hell hounds (Lair:6)
  7 swamp worms
  4 black bears (Lair:6)
  A hydra simulacrum (Lair:6)
  3 porcupines
  3 swamp drakes
  21 orc warriors
  An ice beast (D:9)
  A necrophage (D:13)
  4 ogres
  4 wolves (Lair:6)
  6 crocodiles
  A centaur (D:8)
  2 bullfrogs
  A wyvern zombie (D:14)
  2 wyvern skeletons
  17 killer bees (Lair:3)
  A wight (D:15)
  2 crimson imps (D:13)
  A hound (D:14)
  4 jellies
  2 komodo dragon simulacra (Lair:6)
  9 orc priests
  2 orc wizards
  Terence (D:3)
  4 hell rats (Lair:4)
  3 gnolls
  3 river rats (Lair:4)
  3 adders
  A shadow imp (D:3)
  5 worms
  A leopard gecko (D:8)
  31 orcs
  A bat (D:1)
  8 goblins
  7 hobgoblins
  A jackal (D:3)
  A ball python (D:3)
  7 kobolds
  A leopard gecko skeleton (D:8)
  6 rats
  A fungus (Lair:6)
  A plant (Lair:6)
365 creatures vanquished.

Vanquished Creatures (others)
  A shambling mangrove (Swamp:3)
  A centaur warrior (D:14)
  An ugly thing (D:14)
  A hornet (Swamp:3)
  A blink frog (Swamp:3)
  An orc (Orc:1)
  A bush (Lair:6)
  17 fungi
  22 plants
  3 toadstools (Swamp:3)
49 creatures vanquished.

Grand Total: 1307 creatures vanquished

Notes
Turn   | Place    | Note
-------+----------+-------------------------------------------
     0 | D:1      | mhoghedin the Demigod Wizard began the quest for the Orb.
     0 | D:1      | Reached XP level 1. HP: 14/14 MP: 6/6
    25 | D:1      | Reached skill level 1 in Conjurations
   346 | D:1      | Reached skill level 2 in Conjurations
   369 | D:1      | Reached XP level 2. HP: 20/20 MP: 8/8
   379 | D:1      | Learned a level 2 spell: Blink
   382 | D:1      | Learned a level 2 spell: Call Imp
   534 | D:1      | Reached skill level 1 in Summonings
  1151 | D:2      | Reached XP level 3. HP: 26/26 MP: 9/9
  1284 | D:2      | Reached skill level 2 in Summonings
  1996 | D:3      | Noticed Grinder
  1996 | D:3      | Noticed Terence
  2086 | D:3      | Noticed Jessica
  2102 | D:3      | Killed Jessica
  2102 | D:3      | Reached skill level 3 in Spellcasting
  2291 | D:3      | Learned a level 3 spell: Conjure Flame
  2337 | D:3      | Reached XP level 4. HP: 33/33 MP: 12/12
  2366 | D:3      | Found Gozag's Platinum Reserve.
  2366 | D:3      | Found an opulent altar of Gozag.
  2802 | D:3      | Paralysed by Grinder for 2 turns
  2813 | D:3      | Paralysed by Grinder for 7 turns
  2867 | D:3      | Killed Grinder
  2867 | D:3      | Reached skill level 1 in Fighting
  2867 | D:3      | Reached skill level 1 in Short Blades
  2867 | D:3      | Reached skill level 2 in Stealth
  2867 | D:3      | Reached XP level 5. HP: 26/40 MP: 8/13
  3059 | D:3      | Killed Terence
  3068 | D:3      | Learned a level 3 spell: Mephitic Cloud
  3448 | D:3      | Found a sacrificial altar of Ru.
  3452 | D:3      | Found a shattered altar of Ashenzari.
  3457 | D:3      | Found an ancient bone altar of Kikubaaqudgha.
  3457 | D:3      | Found a hazy altar of Hepliaklqana.
  3463 | D:3      | Noticed Ijyb
  3491 | D:3      | Killed Ijyb
  3491 | D:3      | Reached XP level 6. HP: 48/48 MP: 11/14
  3873 | D:4      | Reached skill level 2 in Short Blades
  4004 | D:4      | Reached skill level 3 in Short Blades
  4015 | D:4      | HP: 12/48 [hobgoblin[Robin] (2)]
  4018 | D:4      | Found a deep blue altar of Sif Muna.
  4413 | D:4      | Noticed Robin
  4433 | D:4      | Killed Robin
  4555 | D:4      | Found a runed translucent door.
  4559 | D:4      | Noticed TheOvate's ghost (amateur CeHu)
  4587 | D:4      | Killed TheOvate's ghost
  4587 | D:4      | Reached skill level 4 in Short Blades
  4587 | D:4      | Reached XP level 7. HP: 30/53 MP: 16/16
  4769 | D:4      | Found a runed translucent door.
  4944 | D:4      | Got a pair of ichor-stained gloves
  4984 | D:4      | Identified the +1 pair of gloves "Uplulliu" {rElec rC+
                  | Int-2} (You found it on level 4 of the Dungeon)
  5023 | D:5      | Entered Level 5 of the Dungeon
  5045 | D:5      | Reached skill level 5 in Short Blades
  5127 | D:5      | Noticed Sigmund
  5154 | D:5      | Killed Sigmund
  5154 | D:5      | Reached skill level 6 in Short Blades
  5198 | D:5      | Noticed Menkaure
  5679 | D:5      | Noticed Eustachio
  5689 | D:5      | Noticed Dowan
  5691 | D:5      | Noticed Duvessa
  5693 | D:5      | Killed Eustachio
  5693 | D:5      | Reached skill level 2 in Fighting
  5693 | D:5      | Reached skill level 3 in Stealth
  5701 | D:5      | Killed Duvessa
  5701 | D:5      | Reached XP level 8. HP: 62/62 MP: 12/17
  5706 | D:5      | Killed Dowan
  5824 | D:5      | Reached skill level 3 in Fighting
  6024 | D:5      | You fall through a shaft for 2 floors!
  6033 | D:7      | Reached skill level 4 in Stealth
  6085 | D:7      | Noticed a hippogriff
  6116 | D:7      | Reached skill level 7 in Short Blades
  6117 | D:7      | Killed a hippogriff
  6256 | D:7      | Learned a level 4 spell: Summon Lightning Spire
  6330 | D:7      | Reached skill level 1 in Air Magic
  6557 | D:7      | Found a radiant altar of Vehumet.
  6708 | D:7      | Found a runed translucent door.
  6709 | D:7      | Noticed Crazy Yiuf
  6718 | D:7      | Killed Crazy Yiuf
  6741 | D:7      | Reached skill level 2 in Air Magic
  6875 | D:6      | Reached skill level 3 in Summonings
  6881 | D:6      | Found a staircase to the Ecumenical Temple.
  7852 | D:5      | Killed Menkaure
  7852 | D:5      | Reached XP level 9. HP: 71/71 MP: 17/18
  8289 | D:8      | Reached skill level 3 in Air Magic
  8296 | D:8      | Found a staircase to the Lair.
  8296 | D:8      | Noticed a two-headed ogre
  8351 | D:7      | Reached skill level 4 in Summonings
  8754 | D:8      | Reached skill level 4 in Air Magic
  8772 | D:8      | Noticed a green ugly thing
  8772 | D:8      | Noticed a two-headed ogre
  9352 | D:8      | Reached skill level 5 in Summonings
  9412 | D:8      | Killed a two-headed ogre
  9412 | D:8      | Reached skill level 5 in Air Magic
  9602 | D:8      | Killed a two-headed ogre
  9602 | D:8      | Reached skill level 4 in Fighting
  9602 | D:8      | Reached skill level 3 in Dodging
  9733 | D:8      | You fall through a shaft!
  9790 | D:9      | Reached XP level 10. HP: 77/80 MP: 19/19
  9794 | D:9      | Reached skill level 5 in Fighting
 10022 | D:9      | Reached skill level 4 in Dodging
 10038 | D:9      | Found a flagged portal.
 10048 | Bailey   | Entered a bailey
 10147 | Bailey   | Found an iron altar of Okawaru.
 10165 | Bailey   | Reached skill level 4 in Spellcasting
 10476 | Bailey   | Noticed an orc knight
 10490 | Bailey   | Killed an orc knight
 10490 | Bailey   | Reached skill level 5 in Stealth
 10749 | Bailey   | Reached skill level 6 in Fighting
 11451 | D:9      | Reached skill level 7 in Fighting
 11656 | D:9      | Reached skill level 5 in Dodging
 11847 | D:10     | Entered Level 10 of the Dungeon
 11903 | D:10     | Found a staircase to the Orcish Mines.
 12908 | D:10     | Found a large runed translucent door.
 12909 | D:10     | Found a large runed translucent door.
 12911 | D:10     | Noticed Stiffzip's ghost (novice SpAr)
 13300 | D:10     | Killed Stiffzip's ghost
 13331 | D:9      | Reached XP level 11. HP: 93/93 MP: 21/21
 13625 | Lair:1   | Entered Level 1 of the Lair of Beasts
 13714 | Lair:1   | Reached skill level 6 in Dodging
 13726 | Lair:1   | Reached skill level 8 in Fighting
 13819 | Lair:1   | Noticed Nergalle
 13839 | Lair:1   | Killed Nergalle
 13911 | Lair:1   | Learned a level 4 spell: Summon Ice Beast
 13980 | Lair:1   | Reached skill level 6 in Summonings
 13980 | Lair:1   | Reached skill level 1 in Ice Magic
 14397 | Lair:1   | Found a glowing golden altar of the Shining One.
 14498 | Lair:1   | Reached skill level 2 in Ice Magic
 14690 | Lair:2   | Noticed a four-headed hydra
 14702 | Lair:2   | Killed a four-headed hydra
 14775 | Lair:2   | Found a staircase to the Swamp.
 14775 | Lair:2   | Noticed a swamp dragon
 15021 | Lair:2   | Reached skill level 3 in Ice Magic
 15206 | Lair:2   | Reached skill level 7 in Summonings
 15674 | Lair:2   | Killed a swamp dragon
 15814 | Lair:2   | Found a staircase to the Snake Pit.
 16251 | Lair:3   | Reached skill level 7 in Dodging
 16252 | Lair:3   | Reached skill level 8 in Short Blades
 16747 | Lair:3   | Noticed a six-headed hydra
 16763 | Lair:3   | Killed a six-headed hydra
 17005 | Lair:3   | Reached skill level 9 in Fighting
 17371 | Lair:3   | Reached XP level 12. HP: 96/104 MP: 23/23
 18409 | Lair:4   | Noticed a seven-headed hydra
 18411 | Lair:4   | Reached skill level 8 in Dodging
 18417 | Lair:4   | Killed a seven-headed hydra
 18645 | Lair:4   | Reached skill level 9 in Short Blades
 19097 | Lair:5   | Noticed a five-headed hydra
 19577 | Lair:5   | Noticed a six-headed hydra
 19592 | Lair:5   | Killed a six-headed hydra
 19600 | Lair:5   | Reached skill level 10 in Fighting
 19937 | Lair:5   | Noticed Snorg
 19964 | Lair:5   | Killed Snorg
 20295 | Lair:5   | Killed a five-headed hydra
 20295 | Lair:5   | Reached skill level 9 in Dodging
 20410 | Lair:5   | Noticed a seven-headed hydra
 20444 | Lair:5   | Killed a seven-headed hydra
 21132 | Lair:6   | Entered Level 6 of the Lair of Beasts
 21179 | Lair:6   | Reached skill level 10 in Short Blades
 21325 | Lair:6   | Found a staircase to the Slime Pits.
 21467 | Lair:6   | HP: 26/107 [black mamba (4)]
 21851 | Lair:6   | Reached XP level 13. HP: 99/115 MP: 15/24
 22028 | Lair:6   | Found a runed translucent gate.
 22529 | Lair:6   | Noticed TheOvate's ghost (journeyman DDWr)
 22564 | Lair:6   | Reached skill level 11 in Fighting
 22580 | Lair:6   | Reached skill level 10 in Dodging
 23241 | D:11     | Noticed Josephine
 23268 | D:11     | Killed Josephine
 23821 | D:11     | Got a faintly glowing leather armour
 23832 | D:11     | Identified the +2 leather armour of the Meadowlark {Stlth+}
                  | (You found it on level 11 of the Dungeon)
 24001 | D:11     | HP: 22/116 [deep elf archer/arrow (9)]
 24492 | D:11     | HP: 14/116 [centaur warrior/+0 glaive (17)]
 24758 | D:11     | Identified the cursed +0 robe "Hueda" {rN+ rCorr}
 24855 | D:11     | Found an iron altar of Okawaru.
 24899 | D:11     | Reached skill level 1 in Poison Magic
 24953 | D:11     | Identified the cursed +0 plate armour "Earthly Heaven"
                  | {rPois Slay+5}
 25053 | D:11     | Reached skill level 3 in Conjurations
 25843 | D:12     | Reached skill level 11 in Dodging
 26029 | D:12     | HP: 24/117 [something/ball of steam[a kobold demonologist]
                  | (27)]
 26054 | D:12     | Reached skill level 12 in Fighting
 26885 | D:13     | Noticed Frances
 26897 | D:13     | Killed Frances
 27114 | D:13     | Found Beitoan's Weapon Emporium.
 27361 | D:13     | HP: 34/178 [very large slime creature (32)]
 27367 | D:13     | HP: 34/178 [slime creature (1)]
 27386 | D:13     | HP: 33/178 [orc warrior/+0 war axe (6)]
 27400 | D:13     | HP: 30/178 [worker ant (2)]
 27410 | D:13     | Found Eplarhem's Assorted Antiques.
 27437 | D:13     | Noticed Nessos
 27481 | D:13     | Killed Nessos
 27520 | D:13     | Found a frozen archway.
 27524 | D:13     | HP: 28/119 [ice devil (6)]
 27529 | IceCv    | Entered an ice cave
 27866 | IceCv    | Reached XP level 14. HP: 127/127 MP: 25/25
 28398 | IceCv    | Reached skill level 12 in Dodging
 28435 | IceCv    | Got an encrusted short sword
 28441 | IceCv    | Identified the +3 short sword of the Lesser Evil
                  | {antimagic, +Inv} (You found it in an ice cave)
 28646 | D:13     | Found Wyirol Ugg's Antique Armour Boutique.
 28651 | D:13     | Bought a brightly glowing leather armour for 224 gold
                  | pieces
 28651 | D:13     | Bought an ancient ring mail for 288 gold pieces
 28651 | D:13     | Identified the +4 ring mail of the Hanged Man {Regen+ Str-2
                  | Slay-6 Stlth+} (You bought it in a shop on level 13 of the
                  | Dungeon)
 28663 | D:13     | Identified the +0 leather armour of Intuition {+Fly Regen+
                  | rCorr Int-4} (You bought it in a shop on level 13 of the
                  | Dungeon)
 28715 | D:13     | Reached skill level 1 in Evocations
 28750 | D:13     | Found Wutizxoi's Armour Emporium.
 28827 | D:13     | Noticed Jorgrun
 28843 | D:13     | Killed Jorgrun
 28843 | D:13     | Reached skill level 3 in Evocations
 28917 | D:13     | Found Fiokyu's Book Emporium.
 29159 | D:14     | Reached skill level 4 in Evocations
 29663 | D:14     | Found a gate to the Vaults.
 29681 | D:14     | Noticed Agnes
 29706 | D:14     | Killed Agnes
 29723 | D:14     | Reached skill level 6 in Stealth
 29725 | D:14     | Reached skill level 5 in Evocations
 29922 | D:13     | HP: 24/127 [crocodile (11)]
 30661 | D:13     | Bought a book of Ice for 910 gold pieces
 30669 | D:13     | Learned a level 6 spell: Freezing Cloud
 30714 | D:14     | Reached skill level 4 in Ice Magic
 31573 | D:14     | Reached skill level 7 in Stealth
 31691 | D:14     | Reached skill level 6 in Evocations
 32016 | D:15     | Entered Level 15 of the Dungeon
 32798 | D:15     | Reached skill level 8 in Stealth
 32975 | D:15     | Found a portal to a secret trove of treasure.
 33195 | D:15     | Reached skill level 5 in Ice Magic
 33387 | D:15     | Reached skill level 6 in Ice Magic
 33637 | D:15     | Found a staircase to the Depths.
 33651 | D:15     | Reached skill level 7 in Ice Magic
 34825 | Lair:5   | Reached skill level 8 in Ice Magic
 35890 | Lair:6   | Reached XP level 15. HP: 134/134 MP: 24/26
 35911 | Lair:6   | Reached skill level 9 in Ice Magic
 36798 | Lair:6   | Reached skill level 10 in Ice Magic
 37444 | Lair:6   | Reached skill level 11 in Ice Magic
 37852 | Lair:6   | Noticed an azure jelly
 37867 | Lair:6   | Killed an azure jelly
 37878 | Lair:6   | HP: 33/134 [death ooze (26)]
 37893 | Lair:6   | Noticed an azure jelly
 37903 | Lair:6   | HP: 28/134 [azure jelly (6)]
 37904 | Lair:6   | Killed an azure jelly
 37904 | Lair:6   | Reached skill level 12 in Ice Magic
 37970 | Lair:6   | Found a runed translucent gate.
 37970 | Lair:6   | Found a runed translucent gate.
 38350 | Lair:6   | Found a viscous altar of Jiyva.
 38555 | Lair:5   | HP: 30/134 [TheOvate's ghost (13)]
 38556 | Lair:5   | Killed TheOvate's ghost
 39402 | Orc:1    | Entered Level 1 of the Orcish Mines
 39516 | Orc:1    | Found a roughly hewn altar of Beogh.
 39695 | Orc:1    | Reached skill level 6 in Air Magic
 39925 | Orc:2    | Entered Level 2 of the Orcish Mines
 40049 | Orc:2    | Reached skill level 5 in Spellcasting
 40102 | Orc:2    | Found Suwnex's General Store.
 40103 | Orc:2    | Found Fuhiliov's Distillery.
 40112 | Orc:2    | Reached skill level 4 in Conjurations
 40483 | Orc:2    | Found a roughly hewn altar of Beogh.
 40708 | Orc:2    | Found a runed translucent gate.
 40708 | Orc:2    | Found a runed translucent gate.
 40708 | Orc:2    | Found a runed translucent gate.
 40708 | Orc:2    | Noticed Gorice's ghost (journeyman GnWn)
 40910 | Orc:2    | Found a staircase to the Elven Halls.
 41540 | Orc:2    | Found Quned's Antique Weapon Shoppe.
 41540 | Orc:2    | Found Opne's Gadget Emporium.
 41541 | Orc:2    | Found a one-way gate leading to the halls of Pandemonium.
 41764 | Orc:2    | Learned a level 6 spell: Ozocubu's Refrigeration
 41768 | Orc:2    | Bought a potion of curing for 39 gold pieces
 41768 | Orc:2    | Bought a potion of brilliance for 52 gold pieces
 41768 | Orc:2    | Bought 2 potions of heal wounds for 130 gold pieces
 41768 | Orc:2    | Bought 2 potions of brilliance for 104 gold pieces
 41768 | Orc:2    | Bought a potion of brilliance for 52 gold pieces
 41768 | Orc:2    | Bought a potion of curing for 39 gold pieces
 41768 | Orc:2    | Bought a potion of resistance for 130 gold pieces
 41812 | Orc:2    | Bought a crystal ball of energy for 320 gold pieces
 41971 | Swamp:1  | Entered Level 1 of the Swamp
 42304 | Snake:1  | Entered Level 1 of the Snake Pit
 42347 | Snake:1  | Reached skill level 5 in Conjurations
 42451 | Snake:1  | Reached skill level 7 in Air Magic
 42698 | Snake:1  | Got a pitted short sword
 42699 | Snake:1  | Identified the +1 short sword of the Hummingbird {holy,
                  | +Inv rF+ Dex+3} (You found it on level 1 of the Snake Pit)
 42761 | Snake:1  | HP: 10/134 [naga warrior/+0 hand axe (32)]
 42768 | Snake:1  | HP: 24/134 [poisoned by a naga warrior (splash of poison)]
 42776 | Snake:1  | HP: 27/134 [poisoned by a naga warrior (splash of poison)]
 43056 | Snake:1  | You fall through a shaft!
 43587 | Snake:2  | Reached skill level 6 in Conjurations
 44131 | Snake:1  | Reached skill level 8 in Air Magic
 44415 | Snake:2  | HP: 31/134 [anaconda (4)]
 44854 | Swamp:1  | HP: 24/134 [shambling mangrove (13)]
 44860 | Swamp:1  | HP: 33/134 [spriggan rider/+0 spear (2)]
 44866 | Swamp:1  | Reached XP level 16. HP: 45/141 MP: 12/28
 44866 | Swamp:1  | HP: 35/141 [hornet[a shambling mangrove] (11)]
 44871 | Swamp:1  | Reached skill level 7 in Conjurations
 45259 | Orc:2    | Killed Gorice's ghost
 45487 | D:13     | Bought a book of Battle for 560 gold pieces
 45666 | Swamp:1  | Reached skill level 1 in Shields
 45787 | Swamp:1  | Reached skill level 1 in Armour
 46060 | Swamp:1  | Reached skill level 2 in Shields
 46081 | Swamp:1  | Reached skill level 2 in Armour
 46349 | Swamp:1  | Reached skill level 3 in Shields
 46627 | Swamp:1  | Reached skill level 3 in Armour
 47285 | Swamp:2  | Reached skill level 4 in Shields
 47898 | Swamp:2  | Reached skill level 6 in Spellcasting
 48567 | Swamp:3  | Reached skill level 7 in Spellcasting
 48573 | Swamp:3  | Learned a level 3 spell: Regeneration
 48633 | Swamp:3  | Reached skill level 1 in Charms
 48633 | Swamp:3  | Reached skill level 1 in Necromancy
 48705 | Swamp:3  | Identified the +4 chain mail of Qigrev {*Drain rC++} (You
                  | found it on level 3 of the Swamp)
 49060 | Swamp:3  | Reached skill level 2 in Charms
 49060 | Swamp:3  | Reached skill level 2 in Necromancy
 49061 | Swamp:3  | Noticed Kirke
 49070 | Swamp:3  | Killed Kirke
 49407 | Swamp:4  | Entered Level 4 of the Swamp
 50011 | Swamp:4  | HP: 31/141 [thorn hunter (16)]
 50031 | Swamp:4  | HP: 29/141 [spriggan druid/stone arrow (17)]
 50033 | Swamp:4  | HP: 9/141 [spriggan druid/angry trees (11)]
 50034 | Swamp:4  | Slain by a slime creature

Levels and vault maps discovered:
D:1:      nicolae_arrival_washed_ashore, layout_rooms, corner_web_ring,
          kennysheep_small_spiral
D:2:      layout_loops_corners
D:3:      layout_basic, nicolae_gozag_zags_fifth_avenue,
          grunt_temple_overflow_open, first_ration, roderic_lattice_a,
          minivault_14, uniq_jessica, uniq_grinder, uniq_terence, uniq_ijyb
D:4:      layout_loops_cross, led_sif_pool, ebering_ghost_sewer_f, uniq_robin
D:5:      layout_basic, uniq_eustachio, uniq_sigmund, uniq_menkaure,
          uniq_duvessa
D:6:      layout_basic, minmay_temple_entry_mist
D:7:      layout_rooms, vehumet_statue, uniq_crazy_yiuf_cottage
D:8:      layout_cave_pools, lair_entry_dummy, blue_anna_alchemist
          [blue_anna_fruit_fields, blue_anna_fruit_fields], moated_statue,
          minmay_fractal_squares_5
D:9:      kennysheep_big_flooded_room, layout_long_grid, enter_bailey_2
D:10:     layout_basic, hiddenorc2_lemuel, ebering_ghost_disaster_area,
          minivault_24
D:11:     evilmike_iron_armoury, layout_long_grid, uniq_josephine
D:12:     layout_long_grid
D:13:     layout_roguey, serial_shops, kennysheep_little_box, shop,
          nicolae_shop_window_shopping, kennysheep_mini_moat, shop,
          portal_ice_cave_demonic_guard, minmay_lizard_king, uniq_frances,
          uniq_jorgrun, uniq_nessos
D:14:     layout_irregular_city, david_vaults_1, infiniplex_staircase_door_maze,
          uniq_agnes
D:15:     grunt_enter_depths_snipers, layout_loops_ring,
          chequers_serial_rivers_room_a, nicolae_trove_entry_crystal,
          grunt_ministairs_1
Lair:1:   layout_chaotic_city, lemuel_centaur_altar, uniq_nergalle
Lair:2:   layout_gridlike, minmay_swamp_entry_reptiles, dummy_snake_entry
Lair:3:   layout_small_grid, special_room [special_room_bee]
Lair:4:   layout_misc_corridors, chequers_serial_rivers_micro_e,
          kennysheep_abandoned_house
Lair:5:   wad_woods_structure_01, layout_gridlike, infiniplex_staircase_pool,
          uniq_snorg
Lair:6:   hangedman_lair_caniforms_friends, layout_gridlike,
          minmay_slime_entry_pillars, special_room [special_room_jelly],
          gammafunk_ghost_icy, roderic_batcave, worms_lemuel
Swamp:1:  layout_basic_swamp, nicolae_swamp_rocky_clearing
Swamp:2:  layout_basic_swamp, hangedman_swamp_ruin_wall
Swamp:3:  cheibrodos_swamp_tower_of_moss, layout_basic_swamp,
          evilmike_swamp_ruin_house_3, uniq_kirke
Swamp:4:  swamp_alternative, layout_basic_swamp, swamp_pool1,
          lemuel_altar_in_water
Snake:1:  nicolae_snake_nest, layout_gridlike
Snake:2:  layout_honeycomb
Orc:1:    layout_diamond_mine, basic_altar
Orc:2:    pf_orc_diabolical, layout_caves, ebering_ghost_rock_garden,
          nicolae_orc_bridge_out, nicolae_orc_lost_temple

Skill      XL: |  1  2  3  4  5  6  7  8  9 10 11 12 13 14 15 16 |
---------------+-------------------------------------------------+-----
Conjurations   | 2 3 6 7 |  7.5
Summonings     | 1 2 3 5 7 |  7.0
Spellcasting   | 3 4 5 7 |  7.0
Fighting       | 1 2 3 4 7 9 10 12 | 12.8
Short Blades   | 1 4 6 7 8 10 | 10.0
Stealth        | 2 3 4 5 8 |  8.0
Air Magic      | 2 5 8 |  8.8
Dodging        | 3 5 7 9 11 12 | 12.0
Ice Magic      | 3 8 12 | 12.7
Poison Magic   | 1 |  1.7
Evocations     | 6 |  6.9
Shields        | 4 |  4.0
Armour         | 3 |  3.8
Charms         | 2 |  2.4
Necromancy     | 2 |  2.3
Translocations | |  0.8

Action                   |  1- 3 |  4- 6 |  7- 9 | 10-12 | 13-15 | 16-18 || total
-------------------------+-------+-------+-------+-------+-------+-------++-------
Melee: Dagger            |     5 |   125 |   219 |   901 |  1197 |   350 ||  2797
       Short sword       |       |       |       |       |   306 |   118 ||   424
Throw: Dart              |       |       |       |       |    11 |    24 ||    35
 Cast: Magic Dart        |    91 |    43 |       |       |       |       ||   134
       Call Imp          |    20 |    39 |    16 |     6 |       |       ||    81
       Mephitic Cloud    |       |     6 |    17 |    55 |    79 |     1 ||   158
       Conjure Flame     |       |     2 |     2 |       |       |       ||     4
       Blink             |       |       |     7 |     1 |     8 |     2 ||    18
       Summon Lightning  |       |       |     8 |    52 |    80 |    11 ||   151
       Summon Ice Beast  |       |       |       |    45 |   135 |   134 ||   314
       Freezing Cloud    |       |       |       |       |     6 |       ||     6
       Ozocubu's Refrige |       |       |       |       |    19 |     6 ||    25
       Regeneration      |       |       |       |       |       |    12 ||    12
 Abil: Evoke Invisibilit |       |       |       |       |    15 |     4 ||    19
Evoke: Wand              |       |       |     1 |    11 |    22 |     4 ||    38
       Phial of floods   |       |       |       |     2 |       |       ||     2
  Use: Potion            |     1 |       |       |     6 |    21 |     5 ||    33
       Scroll            |     1 |     3 |    13 |    19 |    23 |    11 ||    70
 Stab: Confused          |       |     1 |    10 |    24 |    37 |     1 ||    73
       Sleeping          |       |     1 |     7 |    13 |    38 |     4 ||    63
       Distracted        |       |     1 |       |    12 |    13 |    11 ||    37
       Invisible         |       |       |       |       |    35 |    14 ||    49
  Eat: Chunk             |     5 |     4 |     6 |    23 |    23 |     4 ||    65
       Ration            |       |     1 |     4 |     9 |    27 |     8 ||    49
Armor: Robe              |    10 |    28 |    65 |   156 |   166 |     1 ||   426
       Skin              |       |       |       |    14 |     8 |       ||    22
       Troll leather arm |       |       |       |       |       |   143 ||   143
Dodge: Dodged            |    25 |    72 |   100 |   392 |  1094 |   350 ||  2033
Block: Buckler           |       |       |       |       |       |   182 ||   182

Table legend:
 A = Non-vault XP
 B = Vault XP
 C = Vault XP percentage of total XP
 D = Non-vault monster count
 E = Vault monster count
 F = Vault count percentage of total count
                 A         B        C        D         E       F
            +---------+---------+-------+---------+---------+-------
      Total |  151988 |   81777 |  35.0 |     812 |     429 |  34.6
            +---------+---------+-------+---------+---------+-------
        D:1 |      44 |       0 |   0.0 |      26 |       0 |   0.0
        D:2 |      21 |       0 |   0.0 |      13 |       0 |   0.0
        D:3 |     137 |     273 |  66.6 |      38 |       4 |   9.5
        D:4 |     294 |     250 |  46.0 |      19 |      16 |  45.7
        D:5 |     434 |     730 |  62.7 |      10 |       5 |  33.3
        D:6 |     316 |       0 |   0.0 |       8 |       0 |   0.0
        D:7 |    1266 |      39 |   3.0 |      20 |       1 |   4.8
        D:8 |    2638 |     285 |   9.8 |      26 |       5 |  16.1
        D:9 |    2645 |     126 |   4.5 |      42 |       2 |   4.5
       D:10 |     901 |     683 |  43.1 |      33 |      33 |  50.0
       D:11 |    2593 |    7090 |  73.2 |      23 |      22 |  48.9
       D:12 |    6077 |       0 |   0.0 |      33 |       0 |   0.0
       D:13 |   10401 |    7733 |  42.6 |      57 |      14 |  19.7
       D:14 |   13047 |    2116 |  14.0 |      47 |       3 |   6.0
       D:15 |   14052 |    2533 |  15.3 |      38 |       7 |  15.6
     Lair:1 |    2089 |    1140 |  35.3 |      17 |       5 |  22.7
     Lair:2 |    2897 |     565 |  16.3 |      17 |       4 |  19.0
     Lair:3 |    7045 |    1216 |  14.7 |      35 |      27 |  43.5
     Lair:4 |    1112 |    1100 |  49.7 |       6 |      19 |  76.0
     Lair:5 |    7282 |    6677 |  47.8 |      31 |      18 |  36.7
     Lair:6 |   10063 |   21087 |  67.7 |      35 |     108 |  75.5
    Swamp:1 |   15507 |       0 |   0.0 |      57 |       0 |   0.0
    Swamp:2 |    9200 |       0 |   0.0 |      33 |       0 |   0.0
    Swamp:3 |   15520 |    2964 |  16.0 |      46 |       3 |   6.1
    Swamp:4 |    2323 |    8871 |  79.2 |       8 |      16 |  66.7
    Snake:1 |   12133 |       0 |   0.0 |      28 |       0 |   0.0
    Snake:2 |    6982 |       0 |   0.0 |      22 |       0 |   0.0
      Orc:1 |    3099 |       0 |   0.0 |      18 |       0 |   0.0
      Orc:2 |    1870 |   10813 |  85.3 |      26 |      62 |  70.5
     Bailey |       0 |    2401 | 100.0 |       0 |      44 | 100.0
      IceCv |       0 |    3085 | 100.0 |       0 |      11 | 100.0
            +---------+---------+-------+---------+---------+-------

Levels and vault maps discovered:
D:1:      nicolae_arrival_washed_ashore, layout_rooms, corner_web_ring,
          kennysheep_small_spiral
D:2:      layout_loops_corners
D:3:      layout_basic, nicolae_gozag_zags_fifth_avenue,
          grunt_temple_overflow_open, first_ration, roderic_lattice_a,
          minivault_14, uniq_jessica, uniq_grinder, uniq_terence, uniq_ijyb
D:4:      layout_loops_cross, led_sif_pool, ebering_ghost_sewer_f, uniq_robin
D:5:      layout_basic, uniq_eustachio, uniq_sigmund, uniq_menkaure,
          uniq_duvessa
D:6:      layout_basic, minmay_temple_entry_mist
D:7:      layout_rooms, vehumet_statue, uniq_crazy_yiuf_cottage
D:8:      layout_cave_pools, lair_entry_dummy, blue_anna_alchemist
          [blue_anna_fruit_fields, blue_anna_fruit_fields], moated_statue,
          minmay_fractal_squares_5
D:9:      kennysheep_big_flooded_room, layout_long_grid, enter_bailey_2
D:10:     layout_basic, hiddenorc2_lemuel, ebering_ghost_disaster_area,
          minivault_24
D:11:     evilmike_iron_armoury, layout_long_grid, uniq_josephine
D:12:     layout_long_grid
D:13:     layout_roguey, serial_shops, kennysheep_little_box, shop,
          nicolae_shop_window_shopping, kennysheep_mini_moat, shop,
          portal_ice_cave_demonic_guard, minmay_lizard_king, uniq_frances,
          uniq_jorgrun, uniq_nessos
D:14:     layout_irregular_city, david_vaults_1, infiniplex_staircase_door_maze,
          uniq_agnes
D:15:     grunt_enter_depths_snipers, layout_loops_ring,
          chequers_serial_rivers_room_a, nicolae_trove_entry_crystal,
          grunt_ministairs_1
Lair:1:   layout_chaotic_city, lemuel_centaur_altar, uniq_nergalle
Lair:2:   layout_gridlike, minmay_swamp_entry_reptiles, dummy_snake_entry
Lair:3:   layout_small_grid, special_room [special_room_bee]
Lair:4:   layout_misc_corridors, chequers_serial_rivers_micro_e,
          kennysheep_abandoned_house
Lair:5:   wad_woods_structure_01, layout_gridlike, infiniplex_staircase_pool,
          uniq_snorg
Lair:6:   hangedman_lair_caniforms_friends, layout_gridlike,
          minmay_slime_entry_pillars, special_room [special_room_jelly],
          gammafunk_ghost_icy, roderic_batcave, worms_lemuel
Swamp:1:  layout_basic_swamp, nicolae_swamp_rocky_clearing
Swamp:2:  layout_basic_swamp, hangedman_swamp_ruin_wall
Swamp:3:  cheibrodos_swamp_tower_of_moss, layout_basic_swamp,
          evilmike_swamp_ruin_house_3, uniq_kirke
Swamp:4:  swamp_alternative, layout_basic_swamp, swamp_pool1,
          lemuel_altar_in_water
Snake:1:  nicolae_snake_nest, layout_gridlike
Snake:2:  layout_honeycomb
Orc:1:    layout_diamond_mine, basic_altar
Orc:2:    pf_orc_diabolical, layout_caves, ebering_ghost_rock_garden,
          nicolae_orc_bridge_out, nicolae_orc_lost_temple

Table legend:
 A = Turns spent in this place as a percentage of turns spent in the entire game.
 B = Non-inter-level travel turns spent in this place as a percentage of non-inter-level travel turns spent in the entire game.
 C = Inter-level travel turns spent in this place as a percentage of turns spent in this place.
 D = Turns resting spent in this place as a percentage of non-inter-level travel turns spent in this place.
 E = Turns spent auto-exploring this place as a percentage of non-inter-level travel turns spent in this place.
 F = Non-inter-level travel turns spent in this place divided by the number of levels of this place that you've seen.
                   A       B       C       D       E      F
               +-------+-------+-------+-------+-------+----------------------
         Total | 100.0 | 100.0 |   7.7 |  38.5 |  35.0 | 1490.5
       Dungeon |  47.0 |  47.0 |   7.6 |  34.6 |  41.0 | 1448.9
          Lair |  29.8 |  29.3 |   9.4 |  48.0 |  28.4 | 2255.0
         Swamp |   9.4 |   9.6 |   5.9 |  30.1 |  33.3 | 1104.8
     Snake Pit |   4.6 |   4.8 |   4.1 |  47.0 |  26.2 | 1110.5
  Orcish Mines |   5.4 |   5.2 |  10.2 |  18.6 |  45.7 | 1207.0
        Bailey |   1.9 |   2.0 |   0.0 |  40.8 |  28.9 | 941.0
      Ice Cave |   1.9 |   2.0 |   0.0 |  60.8 |   0.0 | 947.0
               +-------+-------+-------+-------+-------+----------------------

Table legend:
 A = Kills in this place as a percentage of kills in entire the game.
 B = Kills by you in this place as a percentage of kills by you in the entire game.
 C = Kills by friends in this place as a percentage of kills by friends in the entire game.
 D = Other kills in this place as a percentage of other kills in the entire game.
 E = Experience gained in this place as a percentage of experience gained in the entire game.
 F = Experience gained in this place divided by the number of levels of this place that you have seen.
                   A       B       C       D       E      F
               +-------+-------+-------+-------+-------+----------------------
         Total | 100.0 | 100.0 | 100.0 | 100.0 | 100.0 | 7540.8
       Dungeon |  43.9 |  49.8 |  31.1 |  36.8 |  32.8 | 5114.9
          Lair |  25.9 |  24.4 |  29.8 |  23.7 |  26.6 | 10378.8
         Swamp |  13.1 |   9.9 |  21.2 |   7.9 |  23.3 | 13596.2
     Snake Pit |   4.0 |   4.8 |   2.8 |   0.0 |   8.2 | 9557.5
  Orcish Mines |   8.5 |   7.5 |   9.6 |  21.1 |   6.8 | 7891.0
        Bailey |   3.5 |   2.4 |   5.5 |  10.5 |   1.0 | 2401.0
      Ice Cave |   0.9 |   1.3 |   0.0 |   0.0 |   1.3 | 3085.0
               +-------+-------+-------+-------+-------+----------------------
